 Dungeon Crawl Stone Soup version 0.26-a0-49-g0e6732e0a6 (webtiles) character file.

Game seed: 6619061824902620860

4 Pixllover the Slasher (level 1, 0/17 HPs)
             Began as a Ghoul Gladiator on June 4, 2020.
             Slain by a bat (1 damage)
             ... on level 1 of the Dungeon.
             The game lasted 00:00:46 (139 turns).

Pixllover the Slasher (Ghoul Gladiator)              Turns: 139, Time: 00:00:47

Health: 0/17       AC:  4    Str: 17    XL:     1   Next: 70%
Magic:  0/0        EV:  9    Int:  3    God:
Gold:   65         SH:  7    Dex: 10    Spells: 0/0 levels left

rFire    . . .     SeeInvis .   a - +0 long sword
rCold    + . .     Gourm    .   g - +0 kite shield
rNeg     + + +     Faith    .   b - +0 leather armour
rPois    ∞         Spirit   .   c - +0 helmet
rElec    .         Reflect  .   (no cloak)
rCorr    .         Harm     .   (no gloves)
MR       .....                  (no boots)
Stlth    +.........             (no amulet)
HPRegen  0.00/turn              (no ring)
MPRegen  0.07/turn              (no ring)

@: rotting
A: rotting body, claws 1, carnivore, cold resistance 1, negative energy
resistance 3, inhibited regeneration, torment resistance, unbreathing
a: no special abilities


You were on level 1 of the Dungeon.
You were not hungry.

You visited 1 branch of the dungeon, and saw 1 of its levels.

You collected 65 gold pieces.

Inventory:

Hand Weapons
 a - a +0 long sword (weapon)
Missiles
 d - 3 throwing nets (quivered)
Armour
 b - a +0 leather armour (worn)
 c - a +0 helmet (worn)
 g - a +0 kite shield (worn)
Scrolls
 h - a scroll of fog {unknown}
Potions
 e - a potion of invisibility {unknown}
Comestibles
 f - a ration
 i - 3 chunks of flesh


   Skills:
 + Level 2.1 Fighting
 + Level 3.0 Long Blades
 + Level 1.7 Throwing
 + Level 2.7 Dodging


You couldn't memorise any spells.
You didn't know any spells.
Your spell library was empty.

Dungeon Overview and Level Annotations

Branches:
Dungeon (1/15)

Altars:


Innate Abilities, Weirdness & Mutations

Your body is rotting away.
You thrive on raw meat.
You are immune to poison.
You have sharp fingernails.
You are carnivorous and can eat meat at any time.
Your flesh is cold resistant. (rC+)
You are immune to negative energy. (rN+++)
You do not regenerate when monsters are visible.
You are immune to unholy pain and torment.
You can survive without breathing.


Message History

The bat hits you but does no damage. The hobgoblin closely misses you.
You riposte.
You hit the hobgoblin but do no damage. The kobold hits you.
You miss the kobold. You block the bat's attack. The hobgoblin misses you.
You riposte.
You closely miss the hobgoblin. You block the kobold's attack.
You hit the kobold.
The kobold is heavily wounded.
You block the bat's attack. The hobgoblin hits you with a +0 club.
The kobold closely misses you.
Your shield prevents you from hitting the kobold.
The kobold is heavily wounded.
The bat hits you but does no damage. You block the kobold's attack.
The hobgoblin hits you but does no damage.
You block the kobold's attack. The hobgoblin hits you with a +0 club.
* * * LOW HITPOINT WARNING * * *
You closely miss the kobold.
The kobold is heavily wounded.
The bat hits you but does no damage. The kobold barely misses you.
The hobgoblin closely misses you.
You riposte.
You closely miss the hobgoblin. The bat hits you.
You die...

#.......#
#.......##
+.........
#.......
##.....
#....# ##
#...[# #..
#..b.#
...##K.@.#
#.....g...#
#....#...%#
.....#.÷..#
.... #....#
... ##'###
.## #.# #.#
#.#
########


You could see a hobgoblin, a bat and a kobold.

Vanquished Creatures
  A giant cockroach (D:1)
  A goblin (D:1)
  3 rats (D:1)
5 creatures vanquished.

Notes
Turn   | Place    | Note
-------+----------+-------------------------------------------
     0 | D:1      | Pixllover the Ghoul Gladiator began the quest for the Orb.
     0 | D:1      | Reached XP level 1. HP: 17/17 MP: 0/0
   134 | D:1      | Reached skill level 3 in Long Blades
   139 | D:1      | Slain by a bat

Illustrated notes

Levels and vault maps discovered:
D:1:      dpeg_arrival_water_temple_mockup, layout_basic

Skill      XL: |  1 |
---------------+----+-----
Long Blades    | 3 |  3.0
Fighting       | |  2.1
Throwing       | |  1.7
Dodging        | |  2.7

Action                   || total
-------------------------++-------
Melee: Long sword        ||    24
Armor: Leather armour    ||    21
Dodge: Dodged            ||    21
Block: Kite shield       ||    19
       Rpst.: Long sword ||     7

Table legend:
 A = Non-vault XP
 B = Vault XP
 C = Vault XP percentage of total XP
 D = Non-vault monster count
 E = Vault monster count
 F = Vault count percentage of total count
                 A         B        C        D         E       F
            +---------+---------+-------+---------+---------+-------
      Total |       7 |       0 |   0.0 |       5 |       0 |   0.0
            +---------+---------+-------+---------+---------+-------
        D:1 |       7 |       0 |   0.0 |       5 |       0 |   0.0
            +---------+---------+-------+---------+---------+-------
